 Dungeon Crawl Stone Soup version 0.30.2 (webtiles) character file.

Game seed: 2664364610636448779

77 porpoise the Trooper (level 4, -5/35 HPs)
             Began as a Demonspawn Fighter on Feb 22, 2024.
             Killed from afar by an orc wizard (9 damage)
             ... with a magic dart
             ... on level 2 of the Dungeon.
             The game lasted 00:03:01 (1139 turns).

porpoise the Trooper (Demonspawn Fighter)           Turns: 1139, Time: 00:03:01

Health: -5/35      AC:  6    Str: 18    XL:     4   Next: 13%
Magic:  4/4        EV: 14    Int:  9    God:
Gold:   77         SH:  4    Dex: 13    Spells: 3/3 levels left

rFire   . . .        a - +0 war axe
rCold   . . .        c - +0 buckler
rNeg    . . .        j - +0 scale mail
rPois   .            (no helmet)
rElec   .            (no cloak)
rCorr   .            (no gloves)
SInv    .            (no boots)
Will    .....        (no amulet) Stlth
                     k - +5 ring of evasion
HPRegen 0.25/turn    (no ring)
MPRegen 0.09/turn

%: no passive effects
@: no status effects
A: weakness stinger 1
a: no special abilities


You were on level 2 of the Dungeon.
You visited 1 branch of the dungeon, and saw 2 of its levels.

You collected 77 gold pieces.

Inventory:

Hand Weapons
 a - a +0 war axe (weapon)
 b - a +0 sling
 i - a +1 dagger of draining
Missiles
 l - 5 poisoned darts (quivered)
Armour
 c - a +0 buckler (worn)
 j - a +0 scale mail (worn)
Jewellery
 k - a +5 ring of evasion (left hand)
Scrolls
 e - a scroll of enchant weapon {unknown}
 f - 4 scrolls of identify {unknown}
 g - a scroll of fog {unknown}
 o - a scroll of enchant armour {unknown}
Potions
 d - a potion of might
 h - a potion of heal wounds {unknown}
 m - a potion of flight {unknown}
 n - a potion of curing {unknown}


   Skills:
 + Level 3.5 Fighting
 * Level 3.1 Axes
 - Level 2.6 Armour
 + Level 3.2 Shields


You had 3 spell levels left.
You didn't know any spells.
Your spell library contained the following spells:

 Spells                   Type           Power      Damage    Failure   Level
 Passage of Golubria      Tloc           0%         N/A       100%        4
 Silence                  Hex/Air        0%         N/A       100%        5
 Lehudib's Crystal Spear  Conj/Erth      0%         10d2      100%        8


Dungeon Overview and Level Annotations

Branches:
Dungeon (2/15)

Altars:


Innate Abilities, Weirdness & Mutations

You have a small tail.


Message History

The orc shouts!
An orc comes into view. It is wielding a +1 dagger of flaming.
The dart slug bites you but does no damage.
You slash the dart slug!
You kill the dart slug!
The orc wizard gestures at you while chanting.
The magic dart hits you!
You closely miss the orc. The orc misses you.
You hit the orc but do no damage. The orc hits you but does no damage.
You hit the orc but do no damage. You tail-slap the orc.
The orc is almost dead.
The orc hits you with a +0 flail.
You barely miss the orc.
Your tail-slap misses the orc.
The orc is severely wounded.
You barely miss the orc wizard. You hit the orc. The orc barely misses you.
The orc hits you but does no damage.
You completely miss the orc wizard. You closely miss the orc. You hit the orc.
You kill the orc!
You hit the orc. You block the orc's attack.
The orc wizard hits you with a +0 dagger.
The orc hits you with a +1 dagger of flaming.
The orc burns you.
You barely miss the orc wizard. You hit the orc. x2
You kill the orc!
The orc wizard points at you and mumbles some strange words.
The magic dart hits you.
* * * LOW HITPOINT WARNING * * *
The orc hits you with a +1 dagger of flaming.
* * * LOW HITPOINT WARNING * * *
The orc burns you.
* * * LOW HITPOINT WARNING * * *
The orc misses you.
The orc wizard hits you with a +0 dagger.
* * * LOW HITPOINT WARNING * * *
You slash the orc wizard! You tail-slap the orc wizard.
The orc wizard is almost dead.
You barely miss the orc.
The orc wizard points at you and mumbles some strange words.
The magic dart hits you!
You die...

#........## #.........#
########## #.........#
#........# #.........#
#........# #.........#
##........# #.........#
..........# #.)oo.....#
#.........####..@).....#
................†.......
.......#######.#######.#
.......# #.# .......####
#.# ..........####.#
....<..##......#
.......##.######
#########.#


You could see an orc wizard and an orc.

Vanquished Creatures
  An adder (D:2)
  4 dart slugs
  2 orcs (D:2)
  5 bats
  6 endoplasms
  2 giant cockroaches
  4 goblins
  9 hobgoblins
  A jackal (D:2)
  4 kobolds
  A quokka (D:1)
  3 ball pythons
  8 frilled lizards
  6 rats
56 creatures vanquished.

Notes
Turn   | Place    | Note
-------+----------+-------------------------------------------
     0 | D:1      | porpoise the Demonspawn Fighter began the quest for the
                  | Orb.
     0 | D:1      | Reached XP level 1. HP: 18/18 MP: 1/1
   175 | D:1      | Gained mutation: You have a small tail. [demonic ancestry]
   175 | D:1      | Reached XP level 2. HP: 24/24 MP: 2/2
   431 | D:1      | Reached XP level 3. HP: 29/29 MP: 3/3
   486 | D:1      | Found a faded altar of an unknown god.
  1103 | D:2      | Reached XP level 4. HP: 35/35 MP: 4/4
  1139 | D:2      | Killed from afar by an orc wizard

Illustrated notes

Levels and vault maps discovered:
D:1:      minmay_arrival_five_plusses, layout_basic,
          hellmonk_ecumenical_altar_arch_garden
D:2:      minmay_chambers_of_twos, layout_basic

Skill      XL: |  1  2  3 |
---------------+----------+-----
Axes           | 2 3 |  3.1
Shields        | 3 |  3.2
Fighting       | |  3.5
Armour         | |  2.6

Action                     |  1- 3 |  4- 6 || total
---------------------------+-------+-------++-------
  Melee: War axe           |   116 |    13 ||   129
         Tailslap          |     1 |     2 ||     3
 Armour: Scale mail        |    54 |     4 ||    58
  Dodge: Dodged            |    68 |     7 ||    75
  Block: Buckler           |    28 |     2 ||    30
